AoeStats
← Rjscarton

Fortress

507942693Analyzed
4v4 RM · 12d ago on Sep 20, 2026· 84m 38s· 8 players
Game mode
Random Map
Map size
Huge
Population
200
Speed
Normal
Resources
Standard
Victory
Conquest
Starting age
Dark Age
Ending age
Imperial Age
RankedLock teamsTeams togetherTeam positionsShared explorationLock speedFull tech treeHidden civsTurbo modeCheats
Victory
Defeat
🇪🇸 Bulgarians · Spain
969
+16
🇬🇧 Goths · United Kingdom
968
+16
🇨🇱 Bohemians · Chile
910
+19
🇧🇪 Celts · Belgium
882
+21
🇭🇰 Koreans · Hong Kong SAR China
979
-18
🇩🇰 Celts · Denmark
978
-18
🇹🇼 Chinese · Taiwan
975
-18
🇦🇺 Spanish · Australia
969
-18
SimonPP95
0:40 Loom
7:14 Feudal Age
7:59 Double-Bit Axe
7:58 Horse Collar
9:04 Wheelbarrow
9:10 Wheelbarrow
16:21 Castle Age
18:15 Heavy Plow
18:29 Bow Saw
17:47 Pikeman
19:33 Hand Cart
19:34 Scale Mail Armor
24:02 Forging
24:36 Chain Mail Armor
36:24 Imperial Age
36:57 Capped Ram
37:02 Man-at-Arms
37:28 Gambesons
38:17 Conscription
37:17 Elite Woad Raider
37:36 Halberdier
39:44 Iron Casting
39:40 Plate Mail Armor
41:03 Siege Ram
44:06 Heavy Scorpion
50:25 Caravan
61:54 Chemistry
61:15 Ballistics
65:04 Blast Furnace
64:49 Onager
65:29 Town Watch
67:19 Siege Onager
76:12 Long Swordsman
76:38 Arson
khan061
5:41 Loom
7:55 Feudal Age
11:49 Castle Age
10:03 Double-Bit Axe
10:16 Horse Collar
15:54 Wheelbarrow
20:42 Forging
20:37 Scale Barding Armor
20:33 Scale Mail Armor
20:51 Hand Cart
20:49 Stone Mining
21:06 Gambesons
21:08 Arson
22:56 Squires
24:25 Town Watch
24:56 Heavy Plow
25:09 Bow Saw
24:51 Gold Mining
29:51 Imperial Age
28:25 Stone Shaft Mining
28:33 Gold Shaft Mining
29:23 Iron Casting
29:04 Chain Mail Armor
30:24 Chain Barding Armor
31:58 Elite Konnik
34:52 Masonry
34:08 Pikeman
35:06 Halberdier
38:10 Blast Furnace
37:40 Plate Mail Armor
37:45 Plate Barding Armor
39:13 Elite Konnik
47:51 Chemistry
47:11 Ballistics
49:03 Bagains
48:59 Stirrups
49:26 Conscription
50:41 Caravan
ben.jack.beevers
0:27 Loom
9:47 Feudal Age
10:50 Double-Bit Axe
13:55 Castle Age
12:06 Horse Collar
15:37 Heavy Plow
15:51 Bow Saw
20:49 Gold Mining
20:51 Pikeman
22:26 Forging
22:21 Scale Barding Armor
24:58 Wheelbarrow
25:31 Fletching
26:16 Scale Mail Armor
26:46 Ballistics
30:15 Imperial Age
33:02 Halberdier
33:44 Squires
38:22 Man-at-Arms
40:02 Long Swordsman
41:23 Iron Casting
41:03 Chain Mail Armor
41:48 Hand Cart
46:34 Chemistry
45:28 Two-Handed Swordsman
47:36 Conscription
48:11 Champion
49:29 Perfusion
51:53 Blast Furnace
66:51 Two-Man Saw
66:49 Crop Rotation
72:04 Bodkin Arrow
72:09 Padded Archer Armor
73:00 Elite Skirmisher
Rjscarton
7:52 Feudal Age
12:34 Castle Age
12:42 Double-Bit Axe
12:38 Horse Collar
21:48 Heavy Plow
26:23 Imperial Age
25:02 Wheelbarrow
24:13 Town Watch
24:14 Loom
25:49 Padded Archer Armor
27:17 Hand Cart
27:13 Bow Saw
27:25 Crossbowman
30:06 Elite Skirmisher
31:27 Town Patrol
31:44 Leather Archer Armor
31:20 Fletching
32:51 Chemistry
32:11 Ballistics
35:03 Two-Man Saw
35:00 Ring Archer Armor
34:26 Bodkin Arrow
35:01 Treadmill Crane
35:27 Siege Engineers
35:57 Conscription
35:42 Hussite Reforms
35:53 Wagenburg Tactics
35:48 Arbalester
36:41 Husbandry
36:01 Light Cavalry
40:43 Houfnice
49:00 Scale Barding Armor
55:33 Chain Barding Armor
55:23 Forging
55:14 Bracer
80:33 Pikeman
81:13 Squires
80:58 Arson
81:11 Halberdier
82:47 Scale Mail Armor
83:23 Iron Casting
jeffhou47
9:52 Feudal Age
13:32 Gold Mining
13:27 Horse Collar
16:17 Double-Bit Axe
18:52 Castle Age
20:41 Stone Mining
20:54 Heavy Plow
21:10 Bow Saw
21:02 Padded Archer Armor
20:53 Fletching
24:31 Leather Archer Armor
24:14 Bodkin Arrow
24:17 Pikeman
25:43 Fortified Wall
25:29 Murder Holes
26:58 Scale Mail Armor
30:58 Imperial Age
28:40 Crossbowman
30:19 Chain Mail Armor
31:55 Thumb Ring
32:29 Arbalester
36:33 Ballistics
37:23 Heavy Rocket Cart
40:14 Chemistry
40:12 Halberdier
43:41 Elite Skirmisher
15634125
8:58 Feudal Age
13:22 Castle Age
12:07 Double-Bit Axe
12:05 Horse Collar
19:54 Wheelbarrow
19:09 Loom
29:10 Imperial Age
28:01 Fletching
29:35 Bodkin Arrow
31:02 Chemistry
31:34 Bracer
34:28 Scale Barding Armor
33:53 Light Cavalry
34:25 Treadmill Crane
35:14 Caravan
35:22 Husbandry
37:24 Chain Barding Armor
36:34 Hussar
37:57 Forging
40:22 Iron Casting
40:11 Elite War Wagon
42:39 Conscription
47:20 Cavalier
48:36 Elite Fire Lancer
49:40 Scale Mail Armor
51:29 Chain Mail Armor
53:46 Plate Mail Armor
54:52 Squires
63:09 Pikeman
64:55 Hand Cart
70:58 Halberdier
Angusjack
10:15 Feudal Age
15:37 Castle Age
14:08 Double-Bit Axe
14:14 Stone Mining
14:06 Horse Collar
14:55 Gold Mining
16:47 Bow Saw
18:51 Elite Skirmisher
21:06 Bloodlines
21:38 Husbandry
23:38 Scale Barding Armor
25:35 Wheelbarrow
24:46 Town Watch
30:25 Imperial Age
29:09 Heavy Plow
29:27 Hand Cart
29:51 Chain Barding Armor
30:28 Elite Conquistador
31:40 Conscription
34:20 Plate Barding Armor
34:27 Cavalier
35:27 Guilds
35:18 Caravan
37:15 Two-Man Saw
36:04 Loom
38:16 Paladin
39:10 Thumb Ring
39:18 Forging
39:08 Scale Mail Armor
38:58 Fletching
39:09 Padded Archer Armor
43:28 Chemistry
42:25 Murder Holes
46:17 Pikeman
46:57 Squires
46:43 Gambesons
49:49 Chain Mail Armor
50:10 Iron Casting
49:30 Bodkin Arrow
49:51 Leather Archer Armor
56:30 Man-at-Arms
56:56 Arson
56:32 Halberdier
56:34 Light Cavalry
73:44 Ballistics
73:36 Fortified Wall
82:25 Hussar
84:59 Masonry
Like_2_win2
6:47 Feudal Age
8:23 Wheelbarrow
7:34 Horse Collar
7:43 Double-Bit Axe
15:24 Castle Age
13:22 Stone Mining
14:16 Gold Mining
16:27 Hand Cart
16:47 Bow Saw
16:41 Heavy Plow
17:23 Town Watch
18:29 Gold Shaft Mining
23:38 Stronghold
24:05 Fletching
25:46 Forging
26:41 Loom
29:37 Iron Casting
33:27 Imperial Age
32:58 Padded Archer Armor
33:02 Town Patrol
32:53 Gambesons
36:14 Blast Furnace
34:58 Cavalier
37:22 Furor Celtica
38:32 Pikeman
40:06 Heavy Scorpion
42:58 Leather Archer Armor
45:30 Siege Engineers
48:01 Capped Ram
63:57 Chemistry
64:27 Ballistics
64:54 Caravan
67:29 Halberdier
71:10 Paladin
73:05 Scale Mail Armor
75:24 Masonry
76:11 Chain Mail Armor
76:40 Ring Archer Armor
Connection lost

Rejoining the realm…

Still unreachable

The connection could not be restored.

Session expired

The server has moved on; the page needs a fresh start.